 Dungeon Crawl Stone Soup version 0.18-a0-1730-g73f0523 (webtiles) character file.

45 inmateoo the Chiller (level 3, -3/24 HPs)
             Began as a Merfolk Ice Elementalist on Apr 10, 2016.
             Slain by a worm (9 damage)
             ... on level 2 of the Dungeon.
             The game lasted 00:04:03 (1399 turns).

inmateoo the Chiller (Merfolk Ice Elementalist)     Turns: 1399, Time: 00:04:04

Health: -3/24      AC:  2    Str:  8    XL:     3   Next: 64%
Magic:  2/6        EV: 13    Int: 15    God:
Gold:   85         SH:  0    Dex: 14    Spells: 1 memorised, 6 levels left

rFire  . . .     SeeInvis +     j - +0 spear
rCold  . . .     Gourm    .     a - +0 robe
rNeg   . . .     Faith    .     (no shield)
rPois  .         Spirit   .     (no helmet)
rElec  .         Dismiss  .     (no cloak)
rCorr  .         Reflect  .     (no gloves)
SustAt .         Harm     .     (no boots)
MR     .....                    (no amulet)
Stlth  ++........               (no ring)
                                i - ring of see invisible

@: very slightly contaminated, not resistant to hostile enchantments, unstealthy
A: change form in water, swift swim
a: no special abilities


You were on level 2 of the Dungeon.
You were not hungry.

You visited 1 branch of the dungeon, and saw 2 of its levels.

You collected 85 gold pieces.

Inventory:

Hand Weapons
 j - a +0 spear (weapon)
Armour
 a - a +0 robe (worn)
Jewellery
 i - a ring of see invisible (left hand)
Scrolls
 e - a scroll of blinking {unknown}
 f - 2 scrolls of identify {unknown}
 m - a scroll of fog {unknown}
Potions
 g - a potion of cancellation {unknown}
Books
 b - a book of Frost

   Spells                             Type                      Level
   a - Freeze                         Ice                          1
   b - Throw Frost                    Conjuration/Ice              2
   c - Ozocubu's Armour               Charms/Ice                   3
   d - Throw Icicle                   Conjuration/Ice              4
   e - Summon Ice Beast               Ice/Summoning                4
Comestibles
 c - 2 bread rations
 d - a slice of pizza
 h - a meat ration
 k - a chunk of flesh
 l - a beef jerky


   Skills:
 + Level 0.2 Fighting
 * Level 1.1 Polearms
 + Level 3.4 Dodging
 - Level 2.5 Stealth
 - Level 2.5 Spellcasting
   Level 0.7 Conjurations
 - Level 3.7 Ice Magic


You had 6 spell levels left.
You knew the following spells:

 Your Spells              Type           Power        Failure   Level  Hunger
a - Freeze                Ice            ##..         6%          1    #......


Dungeon Overview and Level Annotations

Branches:
Dungeon (2/15)

Altars:


Message History

You freeze the worm.
The worm is heavily wounded.
Casting: Freeze
Confirm with . or Enter, or press ? or * to list all spells.
Aiming: Freeze
Press: ? - help, Shift-Dir - straight line, f/p - worm
Aim: a worm (heavily wounded)
You freeze the worm.
The worm is almost dead.
The worm bites you.
* * * LOW HITPOINT WARNING * * *
Casting: Freeze
Confirm with . or Enter, or press ? or * to list all spells.
Aiming: Freeze
Press: ? - help, Shift-Dir - straight line, f/p - worm
Aim: a worm (severely wounded)
You miscast Freeze.
You are very lightly contaminated with residual magic.
Frost covers your body. The worm bites you!
You die...

#####...##.##.####...##.#
###.####....# #...#####
#...# ##..^# #..## ##.###
#..#.# #..# ####..##
###..#.###.# .......#
#....#.#...#
####.#.###..###.#..#####
..#.##..............#
####.##.#.....@w......
#........).>.......
###.................
#...##..............
#####.#.................
....#...#...............
...<...##.#.............
.......##.##.>...#.....#
....##....###.#..#######


You could see a worm.

Vanquished Creatures
  An ooze (D:1)
  A dart slug (D:2)
  2 giant geckos (D:1)
  A bat (D:2)
  A giant cockroach (D:2)
  2 goblins
  5 hobgoblins
  8 jackals
  4 kobolds (D:1)
  9 rats (D:1)
34 creatures vanquished.

Notes
Turn   | Place    | Note
--------------------------------------------------------------
     0 | D:1      | inmateoo the Merfolk Ice Elementalist began the quest for the Orb.
     0 | D:1      | Reached XP level 1. HP: 13/13 MP: 3/3
   300 | D:1      | Reached XP level 2. HP: 15/19 MP: 0/5
   768 | D:1      | Reached XP level 3. HP: 24/24 MP: 1/6
  1305 | D:2      | Reached skill level 1 in Polearms
  1399 | D:2      | Slain by a worm

Vault maps used:
D:1:      minmay_arrival_shoal_huts, serial_bayou_ford_a
D:2:      nicolae_overflow_hidden_temple, lemuel_doored_altar,
          ecumenical_altar_2

Skill      XL: |  1  2  3 |
---------------+----------+-----
Dodging        | 3 |  3.4
Polearms       | 1 |  1.1
Fighting       | |  0.2
Stealth        | |  2.5
Spellcasting   | |  2.5
Conjurations   | |  0.7
Ice Magic      | |  3.7

Action                   || total
-------------------------++-------
Melee: Unarmed           ||     3
       Spear             ||    24
 Cast: Freeze            ||    58
 Stab: Sleeping          ||     1
  Eat: Chunk             ||     2
